 Dungeon Crawl Stone Soup version 0.29.0-15-g675c0067aa (webtiles) character file.

Game seed: 1251754255364268964

31209 qw the Severer (level 13, -5/117 HPs)
             Began as a Minotaur Berserker on Sept 12, 2022.
             Was an Elder of Trog.
             Slain by a polar bear (15 damage)
             ... on level 5 of the Lair of Beasts.
             The game lasted 00:04:35 (16248 turns).

qw the Severer (Minotaur Berserker)                Turns: 16248, Time: 00:04:35

Health: -5/117     AC: 16    Str: 27    XL:     13   Next: 24%
Magic:  12/12      EV: 11    Int:  4    God:    Trog [****..]
Gold:   873        SH: 11    Dex: 10    Spells: 12/12 levels left

rFire   . . .      SeeInvis +   Y - +0 broad axe
rCold   . . .      Faith    .   o - +0 kite shield
rNeg    . . .      Spirit   .   f - +0 plate armour
rPois   .          Reflect  .   (helmet restricted)
rElec   .          Harm     .   (no cloak)
rCorr   .          Rampage  .   h - +1 pair of gloves
Will    .....                   (no boots)
Stlth   ..........              (no amulet)
HPRegen 0.29/turn               r - ring of see invisible
MPRegen 0.13/turn               n - +4 ring of evasion

@: lethally poisoned (-5 -> -11), about to teleport, on berserk cooldown,
slowed, very slow
A: horns 2, retaliatory headbutt
a: Renounce Religion, Berserk, Trog's Hand, Brothers in Arms


You were on level 5 of the Lair of Beasts.
You worshipped Trog.
Trog was greatly pleased with you.
You visited 2 branches of the dungeon, and saw 13 of its levels.

You collected 999 gold pieces.
You spent 126 gold pieces at shops.


Innate Abilities, Weirdness & Mutations

You have a pair of horns on your head.
You reflexively headbutt those who attack you in melee.


   Skills:
 + Level 11.9 Fighting
 - Level 18.0 Axes
 - Level 5.3 Throwing
 - Level 10.0 Armour
 - Level 4.0 Dodging
 - Level 12.1 Shields


You had 12 spell levels left.
You didn't know any spells.
Your spell library was empty.

Inventory:

Hand Weapons
 c - a -1 demon whip of venom
 Y - a +0 broad axe (weapon)
Armour
 a - the +0 chain mail "Desuloawk" {-Tele rPois Int+6}
   (You found it on level 1 of the Lair of Beasts)

   Int:       It affects your intelligence (+6).
   rPois:     It protects you from poison.
   -Tele:     It prevents most forms of teleportation.
 f - a +0 plate armour (worn)
 h - a +1 pair of gloves (worn)
 k - a +0 pair of boots
 o - a +0 kite shield (worn)
Jewellery
 i - a ring of willpower
 n - a +4 ring of evasion (right hand)
 q - a ring of protection from cold
 r - a ring of see invisible (left hand)
Scrolls
 b - 5 scrolls of identify
Potions
 d - 2 potions of resistance
 e - 7 potions of curing
 j - 2 potions of might
 l - 2 potions of heal wounds
 p - 2 potions of mutation

Dungeon Overview and Level Annotations

Branches:
Dungeon (8/15)             Temple (0/1) D:4            Lair (5/5) D:8
  Swamp (0/4) Lair:2        Snake (0/4) Lair:3
  Slime: Lair:4-5

Altars:
Dithmenos
Kikubaaqudgha
Makhleb
Okawaru
Ru
Trog
Uskayaw
Vehumet
Xom
The Shining One

Shops:
D:1 (   D:3 !   D:5 *

Annotations:
D:5 1 transporter, qw's ghost, weakling GrDe
D:6 2 transporters, 1 runed translucent door, Crazy Yiuf; qw's ghost, novice GrFi
Lair:1 3 runed translucent doors, qw's ghost, journeyman MiFi
Lair:5 3 runed translucent doors, qw's ghost, journeyman MiBe


Message History

You barely miss the polar bear.
You headbutt the polar bear, but do no damage.
The polar bear is almost dead.
You barely miss the black mamba. You hit the polar bear. x2
The black mamba bites you.
You are poisoned.
The black mamba poisons you! The polar bear bites you!
You block the polar bear's attack. The polar bear closely misses you.
You block the black mamba's attack. The polar bear closely misses you.
The polar bear claws you but does no damage.
You block the polar bear's attack.
The polar bear bites you but does no damage.
The polar bear claws you.
The polar bear claws you but does no damage.
The polar bear goes berserk!
The black mamba bites you but does no damage.
You hit the polar bear but do no damage.
Your headbutt misses the polar bear.
The polar bear is almost dead.
You slash the polar bear! You closely miss the polar bear.
You slash the black mamba!
You feel very sick. The polar bear bites you.
You block the polar bear's attack.
The polar bear claws you but does no damage.
The polar bear barely misses you.
The polar bear claws you but does no damage.
You block the polar bear's attack. The black mamba bites you!
The polar bear closely misses you. The polar bear barely misses you.
The polar bear claws you but does no damage.
The polar bear bites you but does no damage.
The polar bear barely misses you. The polar bear claws you.
The polar bear bites you! You block the polar bear's attack.
The polar bear misses you. The black mamba barely misses you.
16248 ||| READING scroll of teleportation.
As you read the scroll of teleportation, it crumbles to dust.
You feel strangely unstable.
You feel very sick.
The black mamba bites you but does no damage.
The polar bear bites you!
You die...

.....# .....# ....# ...#
## ...#### ###.#
..#...##########.#..##
.#...%%#.#.#.##.#...?#
#..........%%#.#hhh.###.
##....#........#@Sh.....
#####.#...#...%#hh..##.
#######.?###hh.## #..#
##h.. ....# ..... .[..##
.... .....## ... .#.##
... ##


You could see 7 polar bears, a black mamba and 2 black bears.

Vanquished Creatures
  A catoblepas (Lair:5)
  10 death yaks (Lair:5)
  Amaemon (D:8)
  18 elephants
  A gargoyle (D:6)
  An orange demon (D:8)
  8 cane toads
  2 rime drakes
  Maggie (D:7)
  2 ice devils (Lair:2)
  A komodo dragon (Lair:4)
  4 polar bears
  A raiju (Lair:5)
  7 blink frogs
  Prince Ribbit (D:7)
  5 dream sheep (Lair:4)
  A spriggan (Lair:5)
  18 yaks
  2 basilisks
  2 wyverns (Lair:2)
  Menkaure (D:7)
  2 wargs (Lair:5)
  2 nagas (Lair:3)
  8 water moccasins
  Edmund (D:5)
  Duvessa (D:7)
  5 hell hounds (Lair:5)
  3 ice beasts
  An orc warrior (D:6)
  10 black bears
  A centaur (D:6)
  An ogre (D:5)
  18 wolves
  2 gnoll sergeants
  9 bullfrogs
  2 necrophages (D:7)
  A scorpion (D:5)
  7 wights
  Dowan (D:7)
  An electric eel (Lair:2)
  2 jellies
  2 orc priests
  3 hounds
  2 iguanas
  9 orc wizards
  11 adders
  12 gnolls
  A shadow imp (D:6)
  A white imp (D:5)
  3 dart slugs
  A worm (D:4)
  18 orcs
  3 giant cockroaches
  5 goblins
  4 hobgoblins
  5 kobolds
  4 quokkas
  7 ball pythons
  6 bats
  3 frilled lizards (D:2)
  2 rats (D:1)
  A butterfly (Lair:3)
269 creatures vanquished.

Vanquished Creatures (others)
  A wizard (D:3)
  11 fungi
  72 plants
84 creatures vanquished.

Grand Total: 353 creatures vanquished

Notes
Turn   | Place    | Note
-------+----------+-------------------------------------------
     0 | D:1      | qw the Minotaur Berserker began the quest for the Orb.
     0 | D:1      | Reached XP level 1. HP: 19/19 MP: 0/0
     0 | D:1      | 0 ||| qw: Version: 0.1-a-119-g272c26d
     0 | D:1      | 0 ||| qw: Game counter: 10879
     0 | D:1      | 0 ||| qw: Always use a shield: true
     0 | D:1      | 0 ||| qw: Do Orc after D:15 true
     0 | D:1      | 0 ||| qw: Do second Lair branch before Depths: true
     0 | D:1      | 0 ||| qw: Lair rune preference: random
     0 | D:1      | 0 ||| qw: Plans: Normal
     0 | D:1      | 0 ||| PLANNING D:1-11
   111 | D:1      | Reached skill level 4 in Axes
   451 | D:1      | Reached XP level 2. HP: 26/26 MP: 1/1
   454 | D:1      | Found Zinet's Antique Weapon Boutique.
   460 | D:1      | 460 ||| SHOPLISTING glimmering flail (238 gold, have 34).
   460 | D:1      | 460 ||| SHOPLISTING morningstar (112 gold, have 34).
   582 | D:1      | 582 ||| Stepping ~*~*~tactically~*~*~ (stealth).
   717 | D:1      | 717 ||| UPGRADING to +0 chain mail.
   727 | D:1      | 727 ||| DROPPING +0 animal skin.
   728 | D:1      | 728 ||| READING scroll labelled OHEMICKIZIPT.
   747 | D:2      | 747 ||| DROPPING +0 whip.
   831 | D:2      | Reached skill level 5 in Axes
   831 | D:2      | Reached XP level 3. HP: 31/31 MP: 2/2
   951 | D:2      | Reached ** piety under Trog
  1122 | D:2      | Reached skill level 1 in Throwing
  1427 | D:2      | 1427 ||| READING 2 scrolls labelled MUDUUM EMEZXA.
  1428 | D:2      | 1428 ||| READING scroll labelled YMISEU ZUEGUCIR.
  1429 | D:2      | 1429 ||| READING scroll labelled USAZAENTA YRAICLE.
  1430 | D:2      | 1430 ||| DRINKING 3 cyan potions.
  1450 | D:3      | Found Zaked's Distillery.
  1451 | D:3      | 1451 ||| Stepping ~*~*~tactically~*~*~ (hiding).
  1454 | D:3      | 1454 ||| INVOKING Berserk.
  1456 | D:3      | Reached skill level 6 in Axes
  1456 | D:3      | Reached XP level 4. HP: 39/39 MP: 3/3
  1510 | D:3      | Reached XP level 5. HP: 24/45 MP: 4/4
  1670 | D:3      | 1670 ||| BUYING potion of curing (39 gold).
  1670 | D:3      | Bought a potion of curing for 39 gold pieces
  1670 | D:3      | 1670 ||| BUYING potion of curing (39 gold).
  1670 | D:3      | Bought a potion of curing for 39 gold pieces
  1670 | D:3      | 1670 ||| SHOPLISTING potion of mutation (104 gold, have
                  | 77).
  1670 | D:3      | 1670 ||| SHOPLISTING potion of resistance (130 gold, have
                  | 77).
  1718 | D:3      | Noticed a +0 dagger
  1718 | D:3      | Noticed a +0 hand axe
  1723 | D:3      | Found a hide-covered altar of Uskayaw.
  1761 | D:3      | 1761 ||| Stepping ~*~*~tactically~*~*~ (stealth).
  1780 | D:3      | Found a shadowy altar of Dithmenos.
  1963 | D:3      | 1963 ||| INVOKING Berserk.
  1966 | D:3      | Reached skill level 7 in Axes
  2045 | D:3      | Found a bloodstained altar of Trog.
  2046 | D:3      | Noticed a wizard
  2051 | D:3      | Killed a wizard
  2189 | D:4      | 2189 ||| Stepping ~*~*~tactically~*~*~ (stealth).
  2208 | D:4      | 2208 ||| Stepping ~*~*~tactically~*~*~ (stealth).
  2210 | D:4      | 2210 ||| Stepping ~*~*~tactically~*~*~ (stealth).
  2211 | D:4      | 2211 ||| Stepping ~*~*~tactically~*~*~ (stealth).
  2213 | D:4      | 2213 ||| Stepping ~*~*~tactically~*~*~ (stealth).
  2215 | D:4      | 2215 ||| Stepping ~*~*~tactically~*~*~ (stealth).
  2224 | D:4      | 2224 ||| Stepping ~*~*~tactically~*~*~ (stealth).
  2231 | D:4      | 2231 ||| Stepping ~*~*~tactically~*~*~ (stealth).
  2240 | D:4      | 2240 ||| Stepping ~*~*~tactically~*~*~ (stealth).
  2252 | D:4      | 2252 ||| Stepping ~*~*~tactically~*~*~ (stealth).
  2258 | D:4      | 2258 ||| Stepping ~*~*~tactically~*~*~ (hiding).
  2260 | D:4      | 2260 ||| Stepping ~*~*~tactically~*~*~ (hiding).
  2267 | D:4      | 2267 ||| INVOKING Berserk.
  2274 | D:4      | 2274 ||| DRINKING 4 potions of curing.
  2274 | D:4      | 2274 ||| (to cure confusion)
  2437 | D:4      | Found a staircase to the Ecumenical Temple.
  2438 | D:4      | 2438 ||| SWAPPING to +0 war axe.
  2439 | D:4      | 2439 ||| DROPPING +0 hand axe.
  2449 | D:4      | 2449 ||| Stepping ~*~*~tactically~*~*~ (stealth).
  2578 | D:4      | 2578 ||| SWAPPING to +0 war axe of freezing.
  2579 | D:4      | 2579 ||| DROPPING +0 war axe.
  2633 | D:4      | Found a sacrificial altar of Ru.
  2825 | D:4      | 2825 ||| UPGRADING to +0 kite shield.
  2830 | D:4      | 2830 ||| UPGRADING to ring of willpower.
  2831 | D:4      | 2831 ||| READING scroll labelled QUONIO XAYHI.
  2832 | D:4      | 2832 ||| DRINKING 2 orange potions.
  2833 | D:4      | 2833 ||| READING scroll of teleportation.
  2848 | D:5      | Entered Level 5 of the Dungeon
  2858 | D:5      | 2858 ||| Stepping ~*~*~tactically~*~*~ (hiding).
  2975 | D:5      | 2975 ||| Stepping ~*~*~tactically~*~*~ (hiding).
  2981 | D:5      | 2981 ||| INVOKING Berserk.
  2987 | D:5      | Reached XP level 6. HP: 52/52 MP: 5/5
  2992 | D:5      | Reached skill level 3 in Shields
  3165 | D:5      | 3165 ||| INVOKING Berserk.
  3287 | D:5      | Found an iron altar of Okawaru.
  3336 | D:5      | Found an ancient bone altar of Kikubaaqudgha.
  3336 | D:5      | Noticed Edmund
  3341 | D:5      | 3341 ||| INVOKING Berserk.
  3346 | D:5      | Killed Edmund
  3347 | D:5      | Reached XP level 7. HP: 59/59 MP: 6/6
  3582 | D:5      | Found a shimmering altar of Xom.
  3583 | D:5      | 3583 ||| Stepping ~*~*~tactically~*~*~ (hiding).
  3692 | D:5      | Reached skill level 8 in Axes
  3771 | D:5      | Found Xiontig's General Store.
  3785 | D:5      | 3785 ||| SHOPLISTING +0 plate armour (276 gold, have 202).
  3785 | D:5      | 3785 ||| SHOPLISTING amulet of guardian spirit (360 gold,
                  | have 202).
  3785 | D:5      | 3785 ||| BUYING scroll of identify (24 gold).
  3785 | D:5      | Bought a scroll of identify for 24 gold pieces
  3785 | D:5      | 3785 ||| BUYING scroll of identify (24 gold).
  3785 | D:5      | Bought a scroll of identify for 24 gold pieces
  3795 | D:5      | Found a transporter.
  3799 | D:5      | Noticed qw's ghost (weakling GrDe)
  3854 | D:5      | 3854 ||| READING 3 scrolls labelled ROCWICWONIU.
  3855 | D:5      | 3855 ||| DRINKING 2 grey potions.
  3856 | D:5      | 3856 ||| DRINKING 2 sedimented orange potions.
  3880 | D:5      | 3880 ||| DRINKING 2 green potions.
  3881 | D:5      | 3881 ||| READING 6 scrolls of identify.
  3881 | D:5      | 3881 ||| IDENTIFYING sedimented black potion
  3882 | D:5      | 3882 ||| READING 5 scrolls of identify.
  3882 | D:5      | 3882 ||| IDENTIFYING metallic silvery potion
  3883 | D:5      | 3883 ||| READING 4 scrolls of identify.
  3883 | D:5      | 3883 ||| IDENTIFYING yellow potion
  3884 | D:5      | 3884 ||| READING 3 scrolls of identify.
  3884 | D:5      | 3884 ||| IDENTIFYING glowing purple potion
  3885 | D:5      | 3885 ||| DROPPING potion of attraction.
  3886 | D:5      | 3886 ||| DROPPING 2 scrolls of immolation.
  3887 | D:5      | 3887 ||| DROPPING potion of degeneration.
  3888 | D:5      | 3888 ||| DROPPING potion of magic.
  3889 | D:5      | 3889 ||| DROPPING potion of lignification.
  3890 | D:5      | 3890 ||| DROPPING potion of brilliance.
  3923 | D:6      | Found a burning altar of Makhleb.
  3976 | D:6      | 3976 ||| SWAPPING to +1 war axe of electrocution.
  3977 | D:6      | 3977 ||| DROPPING +0 war axe of freezing.
  3981 | D:6      | Found a transporter.
  3984 | D:6      | Found a transporter.
  3984 | D:6      | Noticed qw's ghost (novice GrFi)
  4120 | D:6      | 4120 ||| Stepping ~*~*~tactically~*~*~ (hiding).
  4122 | D:6      | 4122 ||| Stepping ~*~*~tactically~*~*~ (hiding).
  4123 | D:6      | 4123 ||| Stepping ~*~*~tactically~*~*~ (hiding).
  4128 | D:6      | Reached skill level 6 in Shields
  4130 | D:6      | 4130 ||| FLEEEEING.
  4131 | D:6      | 4131 ||| FLEEEEING.
  4160 | D:6      | Noticed a gargoyle
  4167 | D:6      | 4167 ||| INVOKING Berserk.
  4170 | D:6      | Killed a gargoyle
  4171 | D:6      | Reached skill level 9 in Axes
  4171 | D:6      | Reached XP level 8. HP: 33/66 MP: 7/7
  4195 | D:6      | 4195 ||| FLEEEEING.
  4196 | D:6      | 4196 ||| FLEEEEING.
  4197 | D:6      | 4197 ||| FLEEEEING.
  4198 | D:6      | 4198 ||| FLEEEEING.
  4199 | D:6      | 4199 ||| FLEEEEING.
  4200 | D:6      | 4200 ||| FLEEEEING.
  4201 | D:6      | 4201 ||| FLEEEEING.
  4202 | D:6      | 4202 ||| FLEEEEING.
  4203 | D:6      | 4203 ||| FLEEEEING.
  4204 | D:6      | 4204 ||| FLEEEEING.
  4205 | D:6      | 4205 ||| FLEEEEING.
  4207 | D:6      | 4207 ||| FLEEEEING.
  4208 | D:6      | 4208 ||| FLEEEEING.
  4209 | D:6      | 4209 ||| FLEEEEING.
  4211 | D:6      | 4211 ||| FLEEEEING.
  4212 | D:6      | 4212 ||| FLEEEEING.
  4216 | D:6      | 4216 ||| FLEEEEING.
  4217 | D:6      | 4217 ||| FLEEEEING.
  4218 | D:6      | 4218 ||| FLEEEEING.
  4220 | D:6      | 4220 ||| FLEEEEING.
  4221 | D:6      | 4221 ||| STAIRDANCE
  4372 | D:5      | 4372 ||| READING scroll labelled MIGUAT VOTUGUN.
  4377 | D:6      | 4377 ||| Stepping ~*~*~tactically~*~*~ (stealth).
  4378 | D:6      | 4378 ||| Stepping ~*~*~tactically~*~*~ (stealth).
  4381 | D:6      | 4381 ||| Stepping ~*~*~tactically~*~*~ (stealth).
  4382 | D:6      | 4382 ||| Stepping ~*~*~tactically~*~*~ (stealth).
  4407 | D:6      | 4407 ||| Stepping ~*~*~tactically~*~*~ (stealth).
  4408 | D:6      | 4408 ||| Stepping ~*~*~tactically~*~*~ (stealth).
  4455 | D:6      | 4455 ||| Stepping ~*~*~tactically~*~*~ (stealth).
  4457 | D:6      | 4457 ||| INVOKING Berserk.
  4644 | D:6      | 4644 ||| Stepping ~*~*~tactically~*~*~ (hiding).
  4646 | D:6      | 4646 ||| INVOKING Berserk.
  4649 | D:6      | Reached skill level 3 in Armour
  4825 | D:6      | Found a runed translucent door.
  4826 | D:6      | Noticed Crazy Yiuf
  5003 | D:6      | 5003 ||| UPGRADING to +0 plate armour.
  5013 | D:6      | 5013 ||| DROPPING +0 chain mail.
  5014 | D:6      | 5014 ||| READING scroll labelled ECENOU VESIYF.
  5230 | D:7      | 5230 ||| STAIRDANCE
  5540 | D:7      | 5540 ||| INVOKING Berserk.
  5753 | D:7      | Reached skill level 10 in Axes
  5779 | D:7      | Noticed Menkaure
  5783 | D:7      | 5783 ||| INVOKING Berserk.
  5785 | D:7      | Killed Menkaure
  5917 | D:7      | 5917 ||| Stepping ~*~*~tactically~*~*~ (hiding).
  6025 | D:7      | 6025 ||| Stepping ~*~*~tactically~*~*~ (stealth).
  6045 | D:7      | Reached skill level 6 in Fighting
  6112 | D:7      | Noticed Duvessa
  6112 | D:7      | Noticed Dowan
  6116 | D:7      | 6116 ||| INVOKING Berserk.
  6119 | D:7      | Killed Duvessa
  6120 | D:7      | Reached XP level 9. HP: 75/75 MP: 8/8
  6123 | D:7      | Killed Dowan
  6310 | D:7      | Reached *** piety under Trog
  6405 | D:7      | Noticed Maggie
  6415 | D:7      | Killed Maggie
  6416 | D:7      | Reached skill level 11 in Axes
  6445 | D:7      | 6445 ||| SWAPPING to +0 broad axe.
  6450 | D:7      | 6450 ||| DROPPING +1 war axe of electrocution.
  6600 | D:7      | Noticed Prince Ribbit
  6605 | D:7      | 6605 ||| INVOKING Berserk.
  6617 | D:7      | Killed Prince Ribbit
  6741 | D:7      | 6741 ||| Stepping ~*~*~tactically~*~*~ (stealth).
  6742 | D:7      | 6742 ||| Stepping ~*~*~tactically~*~*~ (stealth).
  6949 | D:7      | 6949 ||| UPGRADING to +0 pair of gloves.
  6954 | D:7      | 6954 ||| READING scroll labelled TURCHA DOWO.
  6955 | D:7      | 6955 ||| READING 3 scrolls of identify.
  6955 | D:7      | 6955 ||| IDENTIFYING emerald potion
  7161 | D:8      | 7161 ||| INVOKING Berserk.
  7162 | D:8      | Noticed an elephant
  7163 | D:8      | Reached skill level 3 in Throwing
  7171 | D:8      | Killed an elephant
  7172 | D:8      | Reached skill level 12 in Axes
  7200 | D:8      | 7200 ||| FLEEEEING.
  7201 | D:8      | 7201 ||| FLEEEEING.
  7202 | D:8      | 7202 ||| FLEEEEING.
  7203 | D:8      | 7203 ||| FLEEEEING.
  7208 | D:8      | 7208 ||| FLEEEEING.
  7209 | D:8      | 7209 ||| FLEEEEING.
  7210 | D:8      | 7210 ||| FLEEEEING.
  7211 | D:8      | 7211 ||| FLEEEEING.
  7212 | D:8      | 7212 ||| FLEEEEING.
  7213 | D:8      | 7213 ||| FLEEEEING.
  7214 | D:8      | 7214 ||| FLEEEEING.
  7215 | D:8      | 7215 ||| FLEEEEING.
  7225 | D:8      | 7225 ||| STAIRDANCE
  7371 | D:8      | Found a glowing golden altar of the Shining One.
  7374 | D:8      | Found a radiant altar of Vehumet.
  7408 | D:8      | Reached XP level 10. HP: 86/86 MP: 9/9
  7408 | D:8      | Noticed an orange demon
  7409 | D:8      | 7409 ||| Stepping ~*~*~tactically~*~*~ (hiding).
  7411 | D:8      | 7411 ||| Stepping ~*~*~tactically~*~*~ (hiding).
  7426 | D:8      | Killed an orange demon
  7427 | D:8      | Reached skill level 9 in Shields
  7690 | D:8      | Noticed Amaemon
  7694 | D:8      | 7694 ||| INVOKING Berserk.
  7701 | D:8      | Killed Amaemon
  7702 | D:8      | Reached skill level 6 in Armour
  7822 | D:8      | 7822 ||| DROPPING +0 morningstar.
  7843 | D:8      | Found a staircase to the Lair.
  7904 | D:8      | 7904 ||| Stepping ~*~*~tactically~*~*~ (stealth).
  8460 | D:8      | 8460 ||| PLANNING LAIR
  8460 | D:8      | 8460 ||| READING scroll labelled LYORYG XICEON.
  8500 | Lair:1   | Entered Level 1 of the Lair of Beasts
  8588 | Lair:1   | Reached skill level 13 in Axes
  8595 | Lair:1   | 8595 ||| INVOKING Berserk.
  8833 | Lair:1   | Noticed qw's ghost (journeyman MiFi)
  8908 | Lair:1   | Found a runed translucent gate.
  8908 | Lair:1   | Found a runed translucent gate.
  8909 | Lair:1   | Found a runed translucent gate.
  8931 | Lair:1   | Identified the +0 chain mail "Desuloawk" {-Tele rPois
                  | Int+6}
  9360 | Lair:2   | 9360 ||| INVOKING Berserk.
  9380 | Lair:2   | 9380 ||| STAIRDANCE
  9674 | Lair:2   | Noticed a cane toad
  9674 | Lair:2   | Noticed a cane toad
  9679 | Lair:2   | 9679 ||| INVOKING Berserk.
  9683 | Lair:2   | Reached skill level 14 in Axes
  9686 | Lair:2   | HP: 33/132 [poisoned by a cane toad]
  9686 | Lair:2   | Killed a cane toad
  9687 | Lair:2   | Killed a cane toad
  9691 | Lair:2   | HP: 17/88 [poisoned by a cane toad]
 10358 | Lair:2   | Reached XP level 11. HP: 83/94 MP: 10/10
 10426 | Lair:2   | Found a staircase to the Swamp.
 10429 | Lair:2   | 10429 ||| FLEEEEING.
 10430 | Lair:2   | 10430 ||| FLEEEEING.
 10431 | Lair:2   | 10431 ||| FLEEEEING.
 10641 | Lair:2   | 10641 ||| INVOKING Berserk.
 10803 | Lair:2   | 10803 ||| Stepping ~*~*~tactically~*~*~ (stealth).
 10815 | Lair:2   | 10815 ||| INVOKING Berserk.
 11157 | Lair:2   | 11157 ||| UPGRADING to +4 ring of evasion.
 11158 | Lair:2   | 11158 ||| READING scroll labelled OSOTYK SAOF.
 11259 | Lair:2   | 11259 ||| READING 2 scrolls of identify.
 11259 | Lair:2   | 11259 ||| IDENTIFYING blue potion
 11260 | Lair:2   | 11260 ||| DROPPING potion of berserk rage.
 11336 | Lair:3   | Found a staircase to the Snake Pit.
 11339 | Lair:3   | 11339 ||| INVOKING Berserk.
 11498 | Lair:3   | 11498 ||| FLEEEEING.
 11500 | Lair:3   | 11500 ||| STAIRDANCE
 11573 | Lair:3   | 11573 ||| INVOKING Berserk.
 11579 | Lair:3   | 11579 ||| STAIRDANCE
 11735 | Lair:3   | Reached skill level 15 in Axes
 11737 | Lair:3   | 11737 ||| Stepping ~*~*~tactically~*~*~ (water).
 11740 | Lair:3   | 11740 ||| Stepping ~*~*~tactically~*~*~ (water).
 11943 | Lair:3   | Reached skill level 9 in Fighting
 11997 | Lair:3   | 11997 ||| Stepping ~*~*~tactically~*~*~ (stealth).
 12003 | Lair:3   | 12003 ||| Stepping ~*~*~tactically~*~*~ (stealth).
 12004 | Lair:3   | 12004 ||| Stepping ~*~*~tactically~*~*~ (stealth).
 12034 | Lair:3   | 12034 ||| INVOKING Berserk.
 12191 | Lair:3   | 12191 ||| Stepping ~*~*~tactically~*~*~ (stealth).
 12194 | Lair:3   | 12194 ||| INVOKING Berserk.
 12207 | Lair:3   | Reached skill level 16 in Axes
 12226 | Lair:3   | Reached skill level 3 in Dodging
 12232 | Lair:3   | 12232 ||| FLEEEEING.
 12234 | Lair:3   | 12234 ||| FLEEEEING.
 12237 | Lair:3   | 12237 ||| FLEEEEING.
 12238 | Lair:3   | 12238 ||| STAIRDANCE
 12351 | Lair:2   | 12351 ||| UPGRADING to ring of protection from cold.
 12358 | Lair:3   | 12358 ||| INVOKING Berserk.
 12614 | Lair:3   | Reached **** piety under Trog
 13224 | Lair:3   | 13224 ||| UPGRADING to ring of see invisible.
 13226 | Lair:3   | 13226 ||| READING 4 scrolls of identify.
 13226 | Lair:3   | 13226 ||| IDENTIFYING ruby potion
 13227 | Lair:3   | 13227 ||| DROPPING potion of ambrosia.
 13282 | Lair:4   | 13282 ||| INVOKING Berserk.
 13297 | Lair:4   | 13297 ||| STAIRDANCE
 13406 | Lair:4   | 13406 ||| Stepping ~*~*~tactically~*~*~ (stealth).
 13407 | Lair:4   | 13407 ||| INVOKING Berserk.
 13458 | Lair:4   | Reached XP level 12. HP: 91/104 MP: 11/11
 13472 | Lair:4   | Reached skill level 17 in Axes
 13480 | Lair:4   | 13480 ||| INVOKING Berserk.
 14147 | Lair:4   | 14147 ||| DROPPING +0 vorpal war axe.
 14538 | Lair:4   | 14538 ||| INVOKING Berserk.
 14756 | Lair:4   | 14756 ||| READING scroll of enchant armour.
 14756 | Lair:4   | 14756 ||| ENCHANTING +0 pair of gloves.
 15176 | Lair:4   | 15176 ||| DROPPING +6 ring of intelligence.
 15177 | Lair:4   | 15177 ||| READING scroll labelled HICEOT MEUH.
 15178 | Lair:4   | 15178 ||| READING scroll labelled RIERUE GOICU.
 15179 | Lair:4   | 15179 ||| READING 6 scrolls of identify.
 15179 | Lair:4   | 15179 ||| IDENTIFYING smoky yellow potion
 15180 | Lair:4   | 15180 ||| DROPPING potion of flight.
 15207 | Lair:5   | Entered Level 5 of the Lair of Beasts
 15224 | Lair:5   | Reached skill level 18 in Axes
 15240 | Lair:5   | Found a runed translucent gate.
 15240 | Lair:5   | Found a runed translucent gate.
 15240 | Lair:5   | Found a runed translucent gate.
 15249 | Lair:5   | Noticed a ten-headed hydra
 15249 | Lair:5   | Noticed a 13-headed hydra
 15250 | Lair:5   | Noticed qw's ghost (journeyman MiBe)
 15327 | Lair:5   | Noticed a death yak
 15327 | Lair:5   | Noticed a death yak
 15327 | Lair:5   | Noticed a death yak
 15327 | Lair:5   | Noticed a death yak
 15331 | Lair:5   | 15331 ||| INVOKING Berserk.
 15337 | Lair:5   | Killed a death yak
 15338 | Lair:5   | Reached skill level 9 in Armour
 15338 | Lair:5   | Killed a death yak
 15339 | Lair:5   | Killed a death yak
 15344 | Lair:5   | Killed a death yak
 15526 | Lair:5   | Noticed a death yak
 15526 | Lair:5   | Noticed a death yak
 15526 | Lair:5   | Noticed a death yak
 15527 | Lair:5   | 15527 ||| Stepping ~*~*~tactically~*~*~ (stealth).
 15528 | Lair:5   | Noticed a death yak
 15529 | Lair:5   | Noticed a death yak
 15529 | Lair:5   | 15529 ||| Stepping ~*~*~tactically~*~*~ (stealth).
 15530 | Lair:5   | Noticed a death yak
 15531 | Lair:5   | 15531 ||| Stepping ~*~*~tactically~*~*~ (stealth).
 15533 | Lair:5   | 15533 ||| INVOKING Berserk.
 15538 | Lair:5   | Killed a death yak
 15542 | Lair:5   | Killed a death yak
 15545 | Lair:5   | Killed a death yak
 15549 | Lair:5   | Killed a death yak
 15550 | Lair:5   | Reached skill level 12 in Shields
 15550 | Lair:5   | Reached XP level 13. HP: 72/116 MP: 12/12
 15775 | Lair:5   | 15775 ||| Stepping ~*~*~tactically~*~*~ (stealth).
 15809 | Lair:5   | 15809 ||| INVOKING Berserk.
 15940 | Lair:5   | 15940 ||| Stepping ~*~*~tactically~*~*~ (hiding).
 15972 | Lair:5   | 15972 ||| Stepping ~*~*~tactically~*~*~ (stealth).
 15978 | Lair:5   | 15978 ||| Stepping ~*~*~tactically~*~*~ (stealth).
 16001 | Lair:5   | 16001 ||| Stepping ~*~*~tactically~*~*~ (stealth).
 16076 | Lair:5   | 16076 ||| Stepping ~*~*~tactically~*~*~ (stealth).
 16078 | Lair:5   | 16078 ||| Stepping ~*~*~tactically~*~*~ (hiding).
 16086 | Lair:5   | 16086 ||| INVOKING Berserk.
 16104 | Lair:5   | 16104 ||| Stepping ~*~*~tactically~*~*~ (stealth).
 16220 | Lair:5   | 16220 ||| Stepping ~*~*~tactically~*~*~ (stealth).
 16223 | Lair:5   | 16223 ||| INVOKING Berserk.
 16247 | Lair:5   | HP: 28/117 [black mamba (9)]
 16247 | Lair:5   | HP: 13/117 [polar bear (12)]
 16248 | Lair:5   | 16248 ||| READING scroll of teleportation.
 16248 | Lair:5   | Slain by a polar bear

Levels and vault maps discovered:
D:1:      roderic_octagonal_star, layout_rooms, serial_shops,
          nicolae_shop_crystal
D:2:      layout_rooms, serial_aquarium, aquarium_bridge_square
          [aquarium_subvault_bridge, aquarium_subvault_wall,
          aquarium_subvault_window, aquarium_subvault_bridge],
          aquarium_window_1, aquarium_window_1, aquarium_window_fake,
          aquarium_window_1, aquarium_view_2d, aquarium_balcony_1b, st_stairs_8
D:3:      layout_rooms, trog_wizard, mainiacjoe_overflow_brackets,
          dancing_weapons_uskayaw, serial_shops, shop_fountains
D:4:      layout_rooms, nicolae_ru_the_path_less_chosen,
          minmay_temple_entry_ruins
D:5:      layout_rooms, lemuel_round_altar, mainiacjoe_overflow_catch_the_wave,
          serial_shops, nicolae_shop_crystal, gammafunk_ghost_mausoleum,
          nicolae_figureground_pulse, uniq_edmund
D:6:      layout_cave_pools, mainiacjoe_overflow_small_starburst,
          gammafunk_ghost_arena, minmay_fractal_squares_diagonal_5,
          uniq_crazy_yiuf_cottage
D:7:      layout_loops_ring, uniq_duvessa, uniq_prince_ribbit1, uniq_menkaure,
          uniq_maggie
D:8:      layout_basic, nicolae_overflow_squiral, david_lair_generic,
          uniq_amaemon
Lair:1:   layout_long_grid, gammafunk_ghost_icy
Lair:2:   layout_regular_city, minmay_swamp_entry_worms,
          portal_ice_cave_demonic_guard, lemuel_fruit_tree,
          infiniplex_staircase_pool, grunt_megastairs_3
Lair:3:   layout_regular_city, guppyfry_snake_entry_island,
          small_statue_intersection, lemuel_fruit_fields
Lair:4:   layout_cave_pods
Lair:5:   hangedman_lair_caniforms_friends, layout_cave_pods, wormcave,
          slime_entry_1, gammafunk_ghost_hydra_chop,
          chequers_serial_rivers_small_a, minivault_19, wad_woods_02

Skill      XL: |  1  2  3  4  5  6  7  8  9 10 11 12 13 |
---------------+----------------------------------------+-----
Axes           | 4 5 6 7 9 10 12 14 16 18 | 18.0
Throwing       | 1 2 3 4 5 |  5.3
Fighting       | 4 6 7 8 9 11 | 11.9
Shields        | 2 5 6 7 8 10 12 | 12.1
Armour         | 4 5 7 8 9 10 | 10.0
Dodging        | 3 4 |  4.0

Action                   |  1- 3 |  4- 6 |  7- 9 | 10-12 | 13-15 || total
-------------------------+-------+-------+-------+-------+-------++-------
Melee: Hand axe          |    77 |    47 |       |       |       ||   124
       Headbutt          |     8 |     6 |    31 |   107 |    21 ||   173
       War axe           |       |    34 |    92 |       |       ||   126
       Punch             |       |     1 |       |       |       ||     1
       Broad axe         |       |       |    58 |   404 |    78 ||   540
Throw: Javelin           |    11 |    16 |    17 |    21 |       ||    65
Invok: Berserk           |     1 |     5 |     8 |    17 |     3 ||    34
  Use: Scroll            |     4 |     2 |     9 |     8 |     1 ||    24
       Potion            |     1 |     2 |     3 |       |       ||     6
 Stab: Sleeping          |     1 |       |       |       |       ||     1
Armor: Animal skin       |     2 |       |       |       |       ||     2
       Chain mail        |    23 |    33 |     9 |       |       ||    65
       Plate armour      |       |       |    34 |   173 |    59 ||   266
Dodge: Dodged            |    31 |    40 |    31 |   142 |    54 ||   298
Block: Kite shield       |       |     8 |    58 |   193 |    60 ||   319

Table legend:
 A = Non-vault XP
 B = Vault XP
 C = Vault XP percentage of total XP
 D = Non-vault monster count
 E = Vault monster count
 F = Vault count percentage of total count
                 A         B        C        D         E       F
            +---------+---------+-------+---------+---------+-------
      Total |   34517 |   10068 |  22.6 |     218 |      50 |  18.7
            +---------+---------+-------+---------+---------+-------
        D:1 |      24 |       0 |   0.0 |      14 |       0 |   0.0
        D:2 |      68 |       2 |   2.9 |      16 |       1 |   5.9
        D:3 |     169 |       0 |   0.0 |      18 |       0 |   0.0
        D:4 |      82 |       0 |   0.0 |      11 |       0 |   0.0
        D:5 |     425 |     149 |  26.0 |      13 |       1 |   7.1
        D:6 |     492 |     613 |  55.5 |      10 |       4 |  28.6
        D:7 |    1088 |    1049 |  49.1 |      20 |       5 |  20.0
        D:8 |     680 |    2188 |  76.3 |      19 |       6 |  24.0
     Lair:1 |     908 |       0 |   0.0 |       5 |       0 |   0.0
     Lair:2 |    3006 |    1072 |  26.3 |      19 |       4 |  17.4
     Lair:3 |    6564 |     326 |   4.7 |      26 |       2 |   7.1
     Lair:4 |   11805 |       0 |   0.0 |      33 |       0 |   0.0
     Lair:5 |    9206 |    4669 |  33.7 |      14 |      27 |  65.9
            +---------+---------+-------+---------+---------+-------
